 Dungeon Crawl Stone Soup version 0.30-a0-949-g53dc5368d7 (webtiles) character file.

Game seed: 1010568796543636610

168 Firecrotchwizard the Magician (level 5, -11/40 HPs)
             Began as a Djinni Fire Elementalist on Mar 27, 2023.
             Killed from afar by Ijyb (18 damage)
             ... with a bolt of dispelling energy
             ... on level 4 of the Dungeon.
             The game lasted 00:05:27 (2618 turns).

Firecrotchwizard the Magician (DjFE)                Turns: 2618, Time: 00:05:27

Health: -11/40     AC:  2    Str:  7    XL:     5   Next: 77%
Gold:   221        EV: 12    Int: 18    God:
                   SH:  0    Dex: 14

rFire   + + .      SeeInvis .    l - +0 sling
rCold   x . .      Faith    +    (no shield)
rNeg    . . .      Spirit   .    a - +0 robe
rPois   ∞          Reflect  .    (no helmet)
rElec   .          Rampage  .    (no cloak)
rCorr   .                        (no gloves)
Will    .....                    (boots unavailable)
Stlth   ++                       r - amulet of faith
HPRegen 0.26/turn                (no ring)
MPRegen 0.00/turn                (no ring)

@: flying, very slightly contaminated
A: sickness immunity, fire resistance 2, cold vulnerability 1, float, innate
caster, HP casting, extra vitality 1
a: no special abilities


You were on level 4 of the Dungeon.
You visited 1 branch of the dungeon, and saw 5 of its levels.

You collected 221 gold pieces.

Inventory:

Hand Weapons
 b - a +0 mace
   (You found it on level 1 of the Dungeon)
 l - a +0 sling (weapon)
   (You found it on level 2 of the Dungeon)
Missiles
 g - 15 poisoned darts
 s - 51 stones
 t - 2 boomerangs
Armour
 a - a +0 robe (worn)
Magical Staves
 n - a staff of air {rElec}
   (You found it on level 2 of the Dungeon)
Jewellery
 r - an amulet of faith (around neck)
   (You found it on level 3 of the Dungeon)
Scrolls
 c - 3 scrolls of identify {unknown}
 e - a scroll of fog {unknown}
 h - a scroll of immolation {unknown}
 j - a scroll of enchant armour {unknown}
 p - a scroll of magic mapping {unknown}
 q - a scroll of enchant weapon {unknown}
 v - a scroll of silence {unknown}
Potions
 d - 2 potions of invisibility {unknown}
 f - 3 potions of haste {unknown}
 i - a potion of cancellation {unknown}
 k - a potion of brilliance {unknown}
 m - a potion of mutation {unknown}
 o - 5 potions of curing {unknown}
 u - a potion of degeneration {unknown}
 w - 2 potions of ambrosia {unknown}
 N - a potion of heal wounds {@q2}


   Skills:
 + Level 3.4 Fighting
 - Level 2.1 Dodging
 - Level 1.5 Stealth
 + Level 3.6 Spellcasting


You knew the following spells:

 Your Spells              Type           Power      Damage    Failure   Level
a - Foxfire               Conj/Fire      64%        2x1d7     3%          1
b - Scorch                Fire           32%        2d7       4%          2
c - Kindle Blastsparks    Fire/Tloc/Air  32%        2d12      10%         3
d - Inner Flame           Hex/Fire       16%        N/A       10%         3
e - Flame Wave            Conj/Fire      16%        2d7       32%         4
f - Sting                 Tmut/Pois      64%        1d6       3%          1
g - Ensorcelled Hibernat  Hex/Ice        32%        N/A       4%          2
Your spell library was empty.

Dungeon Overview and Level Annotations

Branches:
Dungeon (5/15)
 Temple: D:4-7

Altars:
Ashenzari
Cheibriados
Dithmenos
Nemelex Xobeh
Ru
Uskayaw
Xom
Yredelemnul
Zin

Shops:
D:2 (   D:4 (

Annotations:
D:4 exclusion: 3 training dummies, Dowan, Ijyb, Natasha


Innate Abilities, Weirdness & Mutations

You are immune to sickness and miasma.
You are immune to poison.
Your flesh is very heat resistant. (rF++)
You are vulnerable to cold. (rC-)
You float through the air rather than walking.
You learn spells naturally, not from books.
Your magical power is your life essence.
You have superior vitality. (+4 MHP)


Message History

There is a stone staircase leading down here.
You conjure some foxfire!
The kobold hits you with a +0 whip.
You take 4 damage, and have 36/40 hp.
Flames lash the kobold.
The kobold's fire resistance burns away.
The foxfire hits the kobold.
The kobold is burned terribly!
You kill the kobold!
You take 1 damage, and have 35/40 hp.
s - 51 stones (gained 1)
You see here a +0 whip.
u - a fizzy purple potion Health restored: 40
f - 3 metallic black potions (gained 1)
You now have 176 gold pieces (gained 3).
You reach down and open the door.
There is an open door here.
Found a stone staircase leading up.
Flames lash the orc.
You kill the orc!
You take 2 damage, and have 38/40 hp.
You now have 195 gold pieces (gained 19).
You see here a +0 dagger.
Found a stone staircase leading down.
Health restored: 40 You now have 201 gold pieces (gained 6).
You now have 209 gold pieces (gained 8).
You reach down and open the door.
There is an open door here.
You reach down and open the door.
There is an open door here.
You now have 221 gold pieces (gained 12).
Found Jiwkovaj's Firing Range.
There is an entrance to Jiwkovaj's Firing Range here.
g - 15 poisoned darts (gained 1)
You shoot a sling bullet.
The sling bullet completely misses the training dummy.
You see here a stone.
There are monsters nearby!
There are monsters nearby!
There are monsters nearby!
Item here: a stone.
The floor.
Unknown command.
There is an entrance to Jiwkovaj's Firing Range here.
You can't see that place. [Stash: a stone (...2)] [the floor.]
There is an open door here.
You see here a hobgoblin skeleton.
Found a broken altar of Ashenzari.
There is a basalt altar of Yredelemnul here.
Found a shadowy altar of Dithmenos.
Found a glowing silver altar of Zin.
v - a scroll labelled FOGYTHROHUKK
Found a snail-covered altar of Cheibriados.
Found a shimmering altar of Xom.
w - 2 sedimented inky potions
There is a snail-covered altar of Cheibriados here.
Duvessa, Sister of Dowan comes into view.
She is wielding a +0 rapier.
Duvessa shouts!
You hear a shout!
Dowan, Brother of Duvessa comes into view.
He is wielding a +1 dagger of electrocution.
You conjure some foxfire!
You conjure some foxfire!
You take 1 damage, and have 39/40 hp.
You conjure some foxfire!
You take 1 damage, and have 38/40 hp.
You conjure some foxfire!
You take 1 damage, and have 37/40 hp.
You conjure some foxfire!
The foxfire hits Duvessa but does no damage.
The foxfire hits Duvessa.
The foxfire hits Duvessa but does no damage.
You conjure some foxfire!
The foxfire hits Duvessa. x3
You take 1 damage, and have 36/40 hp.
You miscast Scorch.
You are very lightly contaminated with residual magic.
Nothing appears to happen.
The foxfire hits Duvessa but does no damage. x2
Duvessa hits you with a +0 rapier!
Dowan gestures wildly while chanting.
Dowan blinks!
You take 9 damage, and have 27/40 hp.
MASSIVE DAMAGE!!
Flames lash Duvessa.
Duvessa's fire resistance burns away.
You hear a shout!
Duvessa hits you with a +0 rapier!
You take 12 damage, and have 15/40 hp.
MASSIVE DAMAGE!!
Flames lash Duvessa.
Duvessa is burned terribly!
Ijyb the Twisted Goblin comes into view.
She is wielding a +3 dagger of venom and carrying a wand of quicksilver (5).
Duvessa hits you with a +0 rapier.
* * * LOW HITPOINT WARNING * * *
You take 6 damage, and have 9/40 hp.
Flames lash Duvessa.
Duvessa is burned terribly!
You kill Duvessa!
You hear a distant wail of despair.
* * * LOW HITPOINT WARNING * * *
Ijyb zaps a wand.
The bolt of dispelling energy hits you!!
You die...

..#.#.........#.##.......######..
.................................
#.#.#...........##.#.........##..
#.#.##########..##.#......##.##.#
.....................##..###.#..#
....##########...).#.##.## #.#.##
####### #.......#....# #<#.
#.....##########...###### ###.
..._...##.......@).....g.
.8..(♣..#..########.#####
...#....#.## ... _.###._.#.###
....e ..##....#...# ......
..#..8..#...# ...e ..#....##...#
. ..#._.###._.# ..#....#....#


You could see Ijyb.

Vanquished Creatures
  Duvessa (D:4)
  A phantom (D:4)
  5 adders
  A worm (D:2)
  A dart slug (D:3)
  An orc (D:4)
  4 ball pythons
  6 bats
  An endoplasm (D:1)
  A giant cockroach (D:2)
  3 goblins
  7 hobgoblins
  7 kobolds
  2 quokkas
  A frilled lizard (D:2)
  3 rats
45 creatures vanquished.

Vanquished Creatures (others)
  116 foxfires
116 creatures vanquished.

Grand Total: 161 creatures vanquished

Notes
Turn   | Place    | Note
-------+----------+-------------------------------------------
     0 | D:1      | Firecrotchwizard the Djinni Fire Elementalist began the
                  | quest for the Orb.
     0 | D:1      | Firecrotchwizard set off with the following spells
                  | memorised: Foxfire, Scorch, Kindle Blastsparks, Inner
                  | Flame, Flame Wave.
     0 | D:1      | Reached XP level 1. HP: 15/15 MP: 0/0
   554 | D:1      | Found a faded altar of an unknown god.
   684 | D:2      | Found Saolukke's Antique Weapon Shop.
   698 | D:2      | Reached skill level 1 in Fighting
   698 | D:2      | Reached XP level 2. HP: 20/22 MP: 0/0
  1091 | D:2      | Reached XP level 3. HP: 24/28 MP: 0/0
  1091 | D:2      | Learned a level 1 spell: Sting
  1642 | D:3      | Reached skill level 2 in Fighting
  1642 | D:3      | Reached skill level 3 in Spellcasting
  1649 | D:3      | Reached XP level 4. HP: 28/33 MP: 0/0
  1680 | D:3      | Identified the +0 leather armour of the Snail {-Tele rPois
                  | Str+5 Int-4}
  1792 | D:3      | Found a sacrificial altar of Ru.
  1969 | D:3      | Found a hide-covered altar of Uskayaw.
  1969 | D:3      | Found a sparkling altar of Nemelex Xobeh.
  2189 | D:4      | Noticed Natasha
  2255 | D:4      | Found a basalt altar of Yredelemnul.
  2331 | D:4      | Noticed a phantom
  2336 | D:4      | Killed a phantom
  2337 | D:4      | Reached skill level 3 in Fighting
  2337 | D:4      | Reached XP level 5. HP: 34/40 MP: 0/0
  2337 | D:4      | Learned a level 2 spell: Ensorcelled Hibernation
  2374 | D:4      | You are sucked into a shaft and drop 1 floor!
  2374 | D:5      | Entered Level 5 of the Dungeon
  2520 | D:4      | Found Jiwkovaj's Firing Range.
  2565 | D:4      | Found a broken altar of Ashenzari.
  2572 | D:4      | Found a shadowy altar of Dithmenos.
  2577 | D:4      | Found a glowing silver altar of Zin.
  2581 | D:4      | Found a snail-covered altar of Cheibriados.
  2586 | D:4      | Found a shimmering altar of Xom.
  2607 | D:4      | Noticed Duvessa
  2607 | D:4      | Noticed Dowan
  2617 | D:4      | Noticed Ijyb
  2617 | D:4      | HP: 9/40 [Duvessa/+0 rapier (4)]
  2618 | D:4      | Killed Duvessa
  2618 | D:4      | Killed from afar by Ijyb

Illustrated notes

Levels and vault maps discovered:
D:1:      minmay_arrival_pointy, layout_basic, chequers_ecumenical_altar_grove
D:2:      layout_loops_cross, basic_altar, serial_shops, shop, serial_forest,
          infiniplex_forest_end_3, infiniplex_forest_end_2,
          infiniplex_forest_lined_ring, infiniplex_forest_lined_room_3,
          infiniplex_forest_clump_curved, infiniplex_forest_straight_2,
          infiniplex_forest_lined_ring, infiniplex_forest_diagonal,
          kennysheep_cluttered_room
D:3:      layout_rooms, nicolae_ru_sacrificial_ziggurat,
          nicolae_overflow_two_pavilions
D:4:      layout_basic, nicolae_overflow_hallway_of_the_gods,
          nicolae_shop_firing_range, uniq_duvessa, uniq_ijyb, uniq_natasha
D:5:      layout_rooms, mainiacjoe_overflow_catwalk,
          minmay_temple_entry_mini_moons

Skill      XL: |  1  2  3  4 |
---------------+-------------+-----
Fighting       | 1 2 3 |  3.4
Spellcasting   | 3 |  3.6
Dodging        | |  2.1
Stealth        | |  1.5

Action                     |  1- 3 |  4- 6 || total
---------------------------+-------+-------++-------
  Melee: Mace              |     7 |       ||     7
         Unarmed           |     1 |       ||     1
   Fire: Sling             |    10 |     1 ||    11
  Throw: Stone             |     4 |       ||     4
   Cast: Foxfire           |    30 |    39 ||    69
         Scorch            |     1 |    11 ||    12
         Sting             |     9 |     1 ||    10
 Armour: Robe              |     3 |     1 ||     4
  Dodge: Dodged            |    11 |     1 ||    12

Table legend: (Time is in decaauts)
 A = Elapsed time spent in this place.
 B = Non-inter-level travel time spent in this place.
 C = Inter-level travel time spent in this place.
 D = Time resting spent in this place.
 E = Time spent auto-exploring this place.
 F = Levels seen in this place.
 G = Mean time per level.
                   A        B        C        D        E       F      G
               +--------+--------+--------+--------+--------+-----+--------+
         Total |   2623 |   2544 |     79 |      0 |   2246 |   5 |  524.6 |
       Dungeon |   2623 |   2544 |     79 |      0 |   2246 |   5 |  524.6 |
               +--------+--------+--------+--------+--------+-----+--------+

Top non-repeatable levels by time:
     D:2: 945 daAuts
     D:1: 676 daAuts
     D:3: 569 daAuts
     D:4: 425 daAuts
     D:5: 5 daAuts

Table legend:
 A = Kills in this place as a percentage of kills in the entire game.
 B = Kills by you in this place as a percentage of kills by you in the entire game.
 C = Kills by friends in this place as a percentage of kills by friends in the entire game.
 D = Other kills in this place as a percentage of other kills in the entire game.
 E = Experience gained in this place as a percentage of experience gained in the entire game.
 F = Experience gained in this place divided by the number of levels of this place that you have seen.
                   A       B       C       D       E      F
               +-------+-------+-------+-------+-------+----------------------
         Total | 100.0 | 100.0 |   N/A |   N/A | 100.0 |  77.0
       Dungeon | 100.0 | 100.0 |   N/A |   N/A | 100.0 |  77.0
               +-------+-------+-------+-------+-------+----------------------
